 Dungeon Crawl Stone Soup version 0.31-a0-496-g6f97920a28 (webtiles) character file.

Game seed: 4781791082591117360

24434 jasper the Marksspriggan (level 12, -21/62 HPs)
             Began as a Spriggan Shapeshifter on Aug 8, 2023.
             Was a High Priest of Okawaru.
             Demolished by a culicivora (22 damage)
             ... on level 2 of the Lair of Beasts.
             The game lasted 00:19:36 (10455 turns).

jasper the Marksspriggan (Spriggan Shapeshifter)   Turns: 10455, Time: 00:19:37

Health: -21/62     AC:  7    Str: 11    XL:     12   Next: 80%
Magic:  16/16      EV: 22    Int: 11    God:    Okawaru [*****.]
Gold:   1312       SH:  0    Dex: 19    Spells: 11/11 levels left

rFire   . . .        S - +2 arbalest (heavy)
rCold   . . .        (shield currently unavailable)
rNeg    . . .        U - +0 swamp dragon scales
rPois   +            (helmet currently unavailable)
rElec   .            (cloak currently unavailable)
rCorr   +            (gloves unavailable)
SInv    +            (boots unavailable)
Will    +++..        i - amulet of regeneration
Stlth   ++++         A - ring of resist corrosion
HPRegen 1.10/turn    C - ring of willpower
MPRegen 0.15/turn

%: no passive effects
@: beast-form, very quick
A: beast (slay +4), very small, no large weapons, unfitting armour, see
invisible, speed 3
a: Begin Untransformation, Renounce Religion, Heroism, Finesse, Duel


You were on level 2 of the Lair of Beasts.
You worshipped Okawaru.
Okawaru was extremely pleased with you.
You were a hulking beast.
You visited 3 branches of the dungeon, and saw 15 of its levels.

You collected 1342 gold pieces.
You spent 30 gold pieces at shops.

Inventory:

Hand Weapons
 g - a +1 sling
 w - a +0 orcbow
 S - a +2 heavy arbalest (weapon)
 T - the +1 orcbow "Fish" {freeze, Drain Int+2 Dex+3}
   (You found it on level 1 of the Lair of Beasts)

   Int:       It affects your intelligence (+2).
   Dex:       It affects your dexterity (+3).
   Drain:     It drains your maximum health when unequipped.
Missiles
 l - 48 poisoned darts
 D - 5 curare-tipped darts
 E - 3 atropa-tipped darts
 G - 4 datura-tipped darts
Armour
 a - a +1 animal skin
 s - a +2 robe
 v - a +1 hat of willpower
 L - a +0 troll leather armour
 U - +0 swamp dragon scales (worn)
Jewellery
 i - an amulet of regeneration (around neck)
 k - an amulet of the acrobat
 p - an amulet of guardian spirit
 t - a ring of fire
 A - a ring of resist corrosion (left hand)
 C - a ring of willpower (right hand)
 K - an amulet of magic regeneration
Talismans
 c - a beast talisman (active)
 d - a flux talisman
Wands
 F - a wand of roots (4)
 H - a wand of paralysis (3)
 O - a wand of polymorph (4)
Scrolls
 m - a scroll of enchant armour
 o - a scroll of immolation
 q - a scroll of amnesia
 r - 5 scrolls of enchant weapon
 x - 6 scrolls of identify
 y - a scroll of vulnerability
 B - a scroll of fog
 J - a scroll of torment
 M - a scroll of fear
 N - a scroll of silence
 R - 3 scrolls of teleportation
Potions
 b - 7 potions of lignification
 e - 4 potions of mutation
 f - a potion of berserk rage
 h - 2 potions of cancellation
 j - 7 potions of attraction
 n - 2 potions of resistance
 u - 5 potions of haste
 z - a potion of curing
 I - a potion of enlightenment
 P - a potion of magic
 Q - a potion of brilliance


   Skills:
 + Level 6.5 Fighting
 + Level 16.1 Ranged Weapons
 + Level 10.4 Dodging
 + Level 8.4 Stealth
 - Level 2.4 Unarmed Combat
 + Level 5.2 Invocations
 - Level 5.0 Evocations
 - Level 6.0 Shapeshifting


You had 11 spell levels left.
You didn't know any spells.
Your spell library contained the following spells:

 Spells                   Type           Power      Damage    Failure   Level
 Apportation              Tloc           0%         N/A       65%         1
 Sandblast                Erth           0%         2d4       65%         1
 Slow                     Hex            0%         N/A       65%         1
 Blink                    Tloc           0%         N/A       78%         2
 Cigotuvi's Dreadful Rot  Necr/Pois/Air  0%         N/A       78%         2
 Passwall                 Tmut/Erth      0%         N/A       78%         2
 Sublimation of Blood     Necr           0%         N/A       78%         2
 Wereblood                Tmut           0%         N/A       78%         2
 Confusing Touch          Hex            0%         N/A       95%         3
 Hailstorm                Conj/Ice       0%         3d3       95%         3
 Ignite Poison            Fire/Tmut/Pois 0%         N/A       95%         3
 Stone Arrow              Conj/Erth      0%         3d7       95%         3
 Vampiric Draining        Necr           0%         2d6       95%         3
 Manifold Assault         Tloc           0%         N/A       100%        4
 Passage of Golubria      Tloc           0%         N/A       100%        4
 Petrify                  Tmut/Erth      0%         N/A       100%        4
 Alistair's Intoxication  Tmut/Pois      0%         N/A       100%        5
 Borgnjor's Vile Clutch   Necr/Erth      0%         N/A       100%        5
 Freezing Cloud           Conj/Ice/Air   0%         6-21      100%        5
 Irradiate                Conj/Tmut      0%         3d11      100%        5
 Yara's Violent Unravell  Hex/Tmut       0%         3d3       100%        5
 Eringya's Noxious Bog    Tmut/Pois      0%         4d6       100%        6
 Tukima's Dance           Hex            Unusable   N/A       N/A         3
 Summon Ice Beast         Ice/Summ       Unusable   N/A       N/A         4
 Simulacrum               Ice/Necr       Unusable   N/A       N/A         6

Dungeon Overview and Level Annotations

Branches:
Dungeon (12/15)            Temple (1/1) D:4            Lair (2/5) D:10
 Spider (0/4) Lair:2          Orc (0/2) D:9
  Swamp: Lair:2-3    Shoals: Lair:2-3

Altars:
Ashenzari
Cheibriados
Dithmenos
Elyvilon
Fedhas
Gozag
Nemelex Xobeh
Okawaru
Qazlal
Ru
Trog
Vehumet
Wu Jian
Xom
Zin
The Shining One

Shops:
D:3 :   D:4 *   D:7 (   D:10 *

Annotations:
D:11 exclusion: boulder beetle


Innate Abilities, Weirdness & Mutations

You are a hulking beast.
Your limbs bulge with bestial killing power. (Slay +4)
You are very small and have problems with some larger weapons.
You are too small for most types of armour.
You have supernaturally acute eyesight. (SInv)
You cover ground extremely quickly. (Speed+++)


Message History

The culicivora draws strength from your injuries!
The culicivora completely misses you.
You take 37 damage, and have 25/62 hp.
MASSIVE DAMAGE!!
Fire: S) +2 arbalest (heavy)
Press: ? - help, Q - select action, (/) - cycle Shift-Dir - straight line, f - culicivora
Aim: a culicivora (58% to hit)
You shoot a bolt. The bolt misses the culicivora.
The culicivora completely misses you. x2; The culicivora closely misses you.
You regained 2 hp, and now have 27/62 hp.
Fire: S) +2 arbalest (heavy)
Press: ? - help, Q - select action, (/) - cycle Shift-Dir - straight line, f/p - culicivora
Aim: a culicivora (58% to hit)
You shoot a bolt. The bolt hits the culicivora!
The culicivora is moderately wounded.
The culicivora bites you.
The culicivora draws strength from your injuries!
The culicivora barely misses you.
You take 4 damage, and have 23/62 hp.
Fire: S) +2 arbalest (heavy)
Press: ? - help, Q - select action, (/) - cycle Shift-Dir - straight line, f/p - culicivora
Aim: a culicivora (moderately wounded, 58% to hit)
You shoot a bolt. The bolt barely misses the culicivora.
The culicivora bites you.
The culicivora draws strength from your injuries!
The culicivora closely misses you.
A bullfrog comes into view.
The culicivora bites you but does no damage.
You take 4 damage, and have 19/62 hp.
Fire: S) +2 arbalest (heavy)
Press: ? - help, Q - select action, (/) - cycle Shift-Dir - straight line, f/p - culicivora
Aim: a culicivora (lightly wounded, 58% to hit)
You shoot a bolt. The bullfrog gives a loud, deep croak!
The bolt hits the culicivora!
The culicivora is heavily wounded.
The culicivora bites you!!
* * * LOW HITPOINT WARNING * * *
The culicivora draws strength from your injuries!
The culicivora bites you!!
You die...

#..............##
#.............##^.>
#............##.^..
#............#^...†
#...........##.^..#
#..†.......P#^†.^.#
#.........###^^.#
#.........##s^^#
##..##.....h..#
#.###.)......##
#♣.♣#####
#...†.....# .....
..♣♣#....P#.###
##### #.♣#...#####
.... +......#
########.♣#F..#
........♣♣#.......
######### #........


You could see a culicivora and a bullfrog.

Vanquished Creatures
  Gastronok (Lair:1)
  A catoblepas (Lair:1)
  4 two-headed ogres
  Nergalle (Lair:1)
  4 skeletal warriors (D:11)
  A wolf spider (Lair:2)
  9 elephants (Lair:1)
  3 black mambas
  A cane toad (Lair:1)
  A gargoyle (D:11)
  Maggie (Lair:2)
  A rime drake (Lair:2)
  3 kobold demonologists (D:10)
  An unseen horror (D:10)
  2 trolls
  Grinder (D:5)
  4 polar bears (Lair:1)
  5 blink frogs (Lair:2)
  A slime creature (D:12)
  A culicivora (Lair:2)
  2 wraiths
  A shadow (D:10)
  4 wyverns
  15 yaks
  A vampire (D:10)
  3 basilisks
  A redback (Lair:2)
  2 vampire mosquitoes (D:11)
  5 water moccasins
  3 orc warriors
  An ice beast (D:6)
  9 black bears
  An ogre (D:5)
  4 centaurs
  A kobold brigand (D:5)
  A phantom (D:6)
  Blork the orc (D:5)
  4 bullfrogs
  4 scorpions
  A gnoll sergeant (D:11)
  3 wights (D:9)
  3 howler monkeys
  4 crimson imps (D:7)
  2 hounds (D:5)
  A jelly (D:6)
  6 orc priests
  A sleepcap (D:5)
  12 orc wizards
  An iguana (D:6)
  4 hell rats (Lair:1)
  8 gnolls
  7 adders
  A white imp (D:5)
  A worm (D:2)
  A dart slug (D:1)
  19 orcs
  4 bats
  2 endoplasms (D:1)
  4 giant cockroaches
  2 goblins
  9 hobgoblins
  3 quokkas
  6 ball pythons
  5 frilled lizards
  20 kobolds
  5 rats
244 creatures vanquished.

Notes
Turn   | Place    | Note
-------+----------+-------------------------------------------
     0 | D:1      | jasper the Spriggan Shapeshifter began the quest for the
                  | Orb.
     0 | D:1      | Reached XP level 1. HP: 9/9 MP: 2/2
   154 | D:1      | Reached skill level 1 in Fighting
   187 | D:1      | Reached skill level 1 in Stealth
   238 | D:1      | Reached XP level 2. HP: 14/14 MP: 3/3
   815 | D:2      | Reached XP level 3. HP: 18/18 MP: 4/4
  1196 | D:2      | Reached XP level 4. HP: 23/23 MP: 5/5
  1628 | D:3      | Found Icwil's Vocational Training.
  1635 | D:3      | Found a faded altar of an unknown god.
  1739 | D:3      | Reached XP level 5. HP: 14/26 MP: 6/6
  2272 | D:4      | Found a staircase to the Ecumenical Temple.
  2298 | Temple   | Entered the Ecumenical Temple
  2304 | Temple   | Became a worshipper of Warmaster Okawaru
  2338 | D:4      | Reached skill level 5 in Shapeshifting
  2432 | D:4      | Found Texoczi's General Store.
  2547 | D:4      | Reached XP level 6. HP: 20/32 MP: 7/7
  2677 | D:4      | Reached * piety under Okawaru
  3216 | D:4      | Identified a scroll of acquirement
  3216 | D:4      | Acquired 711 gold pieces
  3243 | D:5      | Entered Level 5 of the Dungeon
  3264 | D:5      | Reached skill level 5 in Dodging
  3264 | D:5      | Reached skill level 5 in Stealth
  3386 | D:5      | Reached skill level 1 in Invocations
  3395 | D:5      | Noticed Grinder
  3397 | D:5      | Paralysed by Grinder for 5 turns
  3419 | D:5      | Killed Grinder
  3420 | D:5      | Reached XP level 7. HP: 32/36 MP: 6/9
  3601 | D:5      | Reached ** piety under Okawaru
  3812 | D:5      | Noticed Blork the orc
  3837 | D:5      | Killed Blork the orc
  4220 | D:6      | Reached XP level 8. HP: 39/42 MP: 9/11
  4399 | D:6      | Reached skill level 1 in Ranged Weapons
  4485 | D:6      | Reached skill level 5 in Fighting
  4682 | D:7      | Reached *** piety under Okawaru
  4683 | D:7      | Reached skill level 2 in Ranged Weapons
  4778 | D:7      | Found a shimmering altar of Xom.
  4869 | D:7      | Found Jasyimn's Antique Weapon Emporium.
  4989 | D:7      | Reached skill level 3 in Ranged Weapons
  5038 | D:7      | Reached XP level 9. HP: 47/47 MP: 12/12
  5289 | D:7      | Reached skill level 4 in Ranged Weapons
  5658 | D:8      | Reached skill level 5 in Ranged Weapons
  5947 | D:8      | Reached skill level 6 in Ranged Weapons
  6215 | D:9      | Reached skill level 7 in Ranged Weapons
  6218 | D:9      | Found a staircase to the Orcish Mines.
  6460 | D:9      | Reached skill level 8 in Ranged Weapons
  6725 | D:10     | Entered Level 10 of the Dungeon
  6725 | D:10     | Noticed a kobold demonologist
  6725 | D:10     | Noticed a kobold demonologist
  6725 | D:10     | Noticed a kobold demonologist
  6725 | D:10     | Found Muossanuno's Assorted Antiques.
  6765 | D:11     | Noticed a two-headed ogre
  6774 | D:11     | Killed a two-headed ogre
  6775 | D:11     | Reached skill level 9 in Ranged Weapons
  6775 | D:11     | Reached XP level 10. HP: 51/51 MP: 13/13
  6843 | D:11     | Noticed a gargoyle
  6852 | D:11     | Killed a gargoyle
  6936 | D:11     | Found a radiant altar of Vehumet.
  6944 | D:11     | Noticed a two-headed ogre
  6966 | D:11     | Reached skill level 10 in Ranged Weapons
  6969 | D:11     | Killed a two-headed ogre
  6969 | D:11     | Reached **** piety under Okawaru
  7023 | D:11     | Noticed a two-headed ogre
  7080 | D:11     | Killed a two-headed ogre
  7081 | D:11     | Reached skill level 11 in Ranged Weapons
  7113 | D:11     | Noticed a boulder beetle
  7304 | D:11     | Reached skill level 12 in Ranged Weapons
  7407 | D:11     | Noticed a skeletal warrior
  7515 | D:11     | Killed a skeletal warrior
  7574 | D:11     | Noticed a skeletal warrior
  7601 | D:11     | Killed a skeletal warrior
  7601 | D:11     | Reached ***** piety under Okawaru
  7602 | D:11     | Reached XP level 11. HP: 43/56 MP: 12/14
  7627 | D:11     | Noticed a skeletal warrior
  7703 | D:11     | Killed a skeletal warrior
  7704 | D:11     | Reached skill level 13 in Ranged Weapons
  7765 | D:11     | Noticed a skeletal warrior
  7840 | D:11     | Killed a skeletal warrior
  8199 | D:10     | Noticed a sixfirhy
  8248 | D:10     | Received a gift from Okawaru
  8258 | D:10     | Noticed a sixfirhy
  8260 | D:10     | Reached skill level 14 in Ranged Weapons
  8361 | D:10     | Bought a glowing black potion for 14 gold pieces
  8361 | D:10     | Bought a scroll labelled GOS JUABIPNINE for 16 gold pieces
  8464 | D:10     | Noticed a two-headed ogre
  8504 | D:10     | Found a staircase to the Lair.
  8533 | D:10     | Killed a two-headed ogre
  9037 | Lair:1   | Entered Level 1 of the Lair of Beasts
  9092 | Lair:1   | Reached skill level 15 in Ranged Weapons
  9138 | Lair:1   | Noticed Nergalle
  9150 | Lair:1   | Killed Nergalle
  9433 | Lair:1   | Reached skill level 16 in Ranged Weapons
  9433 | Lair:1   | Reached XP level 12. HP: 56/60 MP: 15/15
  9493 | Lair:1   | Reached skill level 1 in Evocations
  9723 | Lair:1   | Received a gift from Okawaru
  9815 | Lair:1   | Noticed Gastronok
  9832 | Lair:1   | Killed Gastronok
  9833 | Lair:1   | Reached skill level 10 in Dodging
  9873 | Lair:1   | Identified the +1 orcbow "Fish" {freeze, Drain Int+2 Dex+3}
 10251 | Lair:2   | Noticed a catoblepas
 10284 | Lair:1   | Killed a catoblepas
 10348 | Lair:2   | Noticed Maggie
 10351 | Lair:2   | Reached skill level 5 in Invocations
 10351 | Lair:2   | Reached skill level 5 in Evocations
 10355 | Lair:2   | Killed Maggie
 10446 | Lair:2   | Found a hole to the Spider Nest.
 10451 | Lair:2   | Received a gift from Okawaru
 10455 | Lair:2   | HP: 1/62 [culicivora (20)]
 10455 | Lair:2   | Demolished by a culicivora

Illustrated notes

Levels and vault maps discovered:
D:1:      evilmike_arrival_hilbert_curve, layout_basic
D:2:      layout_basic, nicolae_twisty_statue_hallways
D:3:      layout_loops_ring, ebering_ecumenical_altar_hall,
          nicolae_shop_vocational
D:4:      layout_basic, minmay_temple_entry_mist, serial_shops,
          nicolae_stop_n_shop_1
D:5:      layout_basic, nicolae_concentric_dashed_squares_wild, uniq_grinder,
          uniq_blork_the_orc
D:6:      layout_cave_pods, grunt_temple_overflow_open, minmay_puff
D:7:      layout_basic, led_xom_imps, serial_shops, kennysheep_mini_moat,
          david_defended_altar_orc
D:8:      layout_cave_pools
D:9:      layout_roguey, orc_0_dummy
D:10:     layout_basic, david_lair_generic, serial_shops, nicolae_stop_n_shop_1
D:11:     layout_basic, nicolae_vehumet_altar_sigil
D:12:     layout_rooms, enter_trove_1, kennysheep_generic_room_15
Temple:   eino_wide_crystal_templ
Lair:1:   beast_lair_carwin_large_1, layout_cave_pods, minmay_holes,
          uniq_gastronok, uniq_nergalle
Lair:2:   nzn_winding_woodlands_stair_trap [nzn_winding_woodlands_5x15_sawtooth,
          nzn_winding_woodlands_5x15_longhouse,
          nzn_winding_woodlands_5x15_river_crossing,
          nzn_winding_woodlands_15x15_killbox,
          nzn_winding_woodlands_5x15_split_checker,
          nzn_winding_woodlands_5x15_pathside_ponds,
          nzn_winding_woodlands_5x15_zeroes], layout_gridlike,
          spider_nest_entry_funnel_web, uniq_maggie

Skill      XL: |  1  2  3  4  5  6  7  8  9 10 11 12 |
---------------+-------------------------------------+-----
Fighting       | 1 2 3 4 5 6 |  6.5
Stealth        | 1 2 3 4 5 8 |  8.4
Dodging        | 3 4 5 7 9 10 | 10.4
Shapeshifting  | 5 6 |  6.0
Invocations    | 1 3 5 |  5.2
Ranged Weapons | 3 9 12 16 | 16.1
Evocations     | 5 |  5.0
Unarmed Combat | |  2.4

Action                     |  1- 3 |  4- 6 |  7- 9 | 10-12 || total
---------------------------+-------+-------+-------+-------++-------
  Melee: Unarmed           |    15 |       |       |       ||    15
   Fire: Sling             |    61 |   135 |   109 |       ||   305
         Orcbow            |       |       |   205 |   597 ||   802
         Arbalest          |       |       |       |    59 ||    59
 Invoke: Heroism           |       |     2 |     7 |    13 ||    22
  Evoke: Wand              |       |     4 |     4 |     7 ||    15
    Use: Scroll            |     3 |    10 |     5 |     6 ||    24
         Potion            |       |       |     1 |     1 ||     2
   Stab: Sleeping          |     2 |       |       |       ||     2
 Armour: Animal skin       |     5 |    10 |       |       ||    15
         Robe              |       |       |    18 |    19 ||    37
         Swamp dragon scal |       |       |       |     2 ||     2
  Dodge: Dodged            |    24 |    74 |   192 |   309 ||   599

Table legend: (Time is in decaauts)
 A = Elapsed time spent in this place.
 B = Non-inter-level travel time spent in this place.
 C = Inter-level travel time spent in this place.
 D = Time resting spent in this place.
 E = Time spent auto-exploring this place.
 F = Levels seen in this place.
 G = Mean time per level.
                   A        B        C        D        E       F      G
               +--------+--------+--------+--------+--------+-----+--------+
         Total |   7235 |   6911 |    324 |    224 |   4702 |  15 |  482.3 |
       Dungeon |   6215 |   5934 |    281 |    209 |   4141 |  12 |  517.9 |
        Temple |      8 |      5 |      3 |      0 |      0 |   1 |    8.0 |
          Lair |   1011 |    971 |     40 |     14 |    561 |   2 |  505.5 |
               +--------+--------+--------+--------+--------+-----+--------+

Top non-repeatable levels by time:
    D:11: 896 daAuts
  Lair:1: 872 daAuts
     D:5: 675 daAuts
     D:4: 647 daAuts
     D:7: 608 daAuts
    D:10: 569 daAuts
     D:2: 567 daAuts
     D:1: 499 daAuts
     D:3: 429 daAuts
     D:9: 423 daAuts
     D:8: 395 daAuts
     D:6: 359 daAuts
    D:12: 142 daAuts
  Lair:2: 139 daAuts
  Temple: 8 daAuts
